[Event "Titled Tuesday Blitz July 26 Early 2022"]
[White "Melikyan, Gnel"]
[Black "Manukyan, Sargis A."]
[WhiteFideId "54109990"]
[BlackFideId "13303970"]
[WhiteElo "1772"]
[BlackElo "2187"]
[Result "1-0"]
[Round "11"]
[TimeControl "180+1"]
[Date "2022.07.26"]
[WhiteClock "0:00:45"]
[BlackClock "0:00:18"]

1. e4 e6 2. d4 d5 3. e5 c5 4. c3 Nc6 5. Nf3 Nh6 6. a3 Nf5 7. b4 cxd4 8. cxd4 Bd7 9. Bb2 b5 10. Nbd2 a5 11. Bxb5 Nxe5 12. Nxe5 Bxb5 13. a4 Bd7 14. b5 f6 15. Nxd7 Qxd7 16. O-O Bb4 17. Nb3 Rc8 18. Ba3 Qe7 19. Bxb4 Qxb4 20. Qe1 Qxb3 21. Qxe6+ Ne7 22. Rfe1 Rc7 23. Rac1 Kd8 24. Qd6+ Rd7 25. Qb8+ Nc8 26. Qxc8# 1-0


[Site "https://www.chess.com"]

[Event "Titled Tuesday Blitz July 26 Early 2022"]
[White "Molina, Roberto Junio Brito"]
[Black "Kuderinov, Kirill"]
[WhiteFideId "2109450"]
[BlackFideId "13701568"]
[WhiteElo "2432"]
[BlackElo "2465"]
[Result "1/2-1/2"]
[Round "11"]
[TimeControl "180+1"]
[Date "2022.07.26"]
[WhiteClock "0:00:11"]
[BlackClock "0:00:24"]

1. d4 Nf6 2. e3 e6 3. Nf3 c5 4. Bd3 Be7 5. O-O O-O 6. b3 cxd4 7. exd4 d5 8. Bb2 b6 9. Qe2 a5 10. Nbd2 Ba6 11. c4 Nbd7 12. Rac1 Rc8 13. Rc2 Nh5 14. g3 dxc4 15. bxc4 Bb7 16. Rfc1 Re8 17. Ne5 Nhf6 18. f4 Rf8 19. Ndf3 Nxe5 20. fxe5 Nd7 21. Be4 Qc7 22. d5 Bc5+ 23. Kg2 exd5 24. cxd5 Rfe8 25. Qd3 Nf8 26. d6 Bxe4 27. Qxe4 Qd7 28. Qd5 Rcd8 29. Bd4 Bxd4 30. Nxd4 Qg4 31. Rc7 Ne6 32. Nxe6 Qe2+ 33. Kh1 fxe6 34. Qd4 Rf8 35. Kg1 h5 36. R7c2 Qb5 37. Re1 Rf5 38. a4 Qb3 39. Qc4 Qxc4 40. Rxc4 Rf3 41. Kg2 Rb3 42. Re2 Kh7 43. Kh3 Kg6 44. Rc7 h4 45. Rf2 hxg3 46. hxg3 Rh8+ 47. Kg2 Re3 48. Rff7 Rxe5 49. Rxg7+ Kh6 50. Rg4 Rd8 51. d7 Rd5 52. Rc6 R8xd7 53. Rxe6+ Kh5 54. Rh4+ Kg5 55. Rxb6 Rd2+ 56. Kh3 R2d5 57. Rbh6 Kf5 58. R6h5+ Kg6 59. Rh6+ Kg7 60. Rh7+ Kg6 61. R4h6+ Kg5 62. Rh5+ Kg6 63. R7h6+ Kg7 64. Rxd5 Rxd5 65. Ra6 Kf7 66. g4 Rc5 67. Kh4 Kg7 68. Ra7+ Kg6 69. Ra6+ Kg7 70. Rb6 Rc4 71. Kg5 Rxa4 72. Rb7+ Kg8 73. Kf5 Rc4 74. Ra7 Rc5+ 75. Kg6 Rc6+ 76. Kh5 Rc5+ 77. g5 Rb5 78. Kh6 Rb6+ 79. g6 Rb8 80. Rxa5 Re8 81. Ra7 Rd8 82. Ra6 Re8 83. Kg5 Rd8 84. Kf5 Rf8+ 85. Ke6 Re8+ 86. Kf6 Rf8+ 87. Kg5 Re8 88. Rf6 Re5+ 89. Kh6 Re8 90. Rf7 Rd8 91. Rg7+ Kh8 92. Rh7+ Kg8 93. Rc7 Re8 94. Rc6 Rd8 95. Re6 Rc8 96. Kg5 Rd8 97. Kf6 Rf8+ 98. Kg5 Rd8 99. Re5 Rc8 100. Rf5 Rd8 101. Kh6 Rc8 102. Rf4 Rd8 103. Rf3 Rc8 104. Rd3 Re8 105. Rd4 Rc8 106. Rd7 Re8 107. Rc7 Rd8 108. Rg7+ Kh8 109. Rb7 Kg8 110. Rb6 Re8 111. Kg5 Re5+ 112. Kf6 Re8 113. g7 Rd8 114. Re6 Rb8 115. Kg6 Ra8 116. Kh6 Rb8 117. Rf6 Ra8 118. Kg6 Rb8 119. Re6 Ra8 120. Rb6 Rc8 121. Rd6 Rb8 122. Kf6 Ra8 123. Rc6 Rb8 124. Re6 Ra8 125. Rb6 Rc8 126. Ra6 Rb8 127. Re6 Rc8 128. Re5 Rc6+ 129. Ke7 Kxg7 130. Rg5+ Rg6 131. Rxg6+ Kxg6 1/2-1/2


[Site "https://www.chess.com"]

[Event "Titled Tuesday Blitz July 26 Early 2022"]
[White "Navarrete Mendez, Gonzalo Alberto"]
[Black "Jakubowska, Anna"]
[WhiteFideId "5106850"]
[BlackFideId "1121952"]
[WhiteElo "2261"]
[BlackElo "1878"]
[Result "0-1"]
[Round "11"]
[TimeControl "180+1"]
[Date "2022.07.27"]
[WhiteClock "0:00:17"]
[BlackClock "0:01:10"]

1. e4 c5 2. Nf3 e6 3. Nc3 a6 4. d4 cxd4 5. Nxd4 b5 6. g3 Bb7 7. Bg2 Nc6 8. O-O Nge7 9. Re1 Nxd4 10. Qxd4 Nc6 11. Qd3 Bc5 12. Bf4 O-O 13. Rad1 Qb6 14. Be3 Rfd8 15. Bxc5 Qxc5 16. Qd6 Qxd6 17. Rxd6 Kf8 18. Red1 Ke7 19. e5 Rab8 20. f4 g5 21. Ne4 gxf4 22. gxf4 Nb4 23. c3 Nd5 24. Nc5 Bc6 25. Bxd5 Bxd5 26. Nxa6 Rg8+ 27. Kf2 Rbd8 28. Nb4 Rg2+ 29. Ke3 Ba8 30. R1d2 Rg1 31. Kd4 Rf1 32. Ke3 Rf3+ 33. Ke2 Rxf4 34. Kd1 Re4 35. R6d4 Rxe5 36. Kc2 Rh5 37. Kb3 d5 38. Rg4 Rh3 39. Rf2 Rf8 40. Rg7 Bb7 41. Re2 Kf6 42. Rgg2 e5 43. Rgf2+ Ke6 44. Nc2 f6 45. Nd4+ Kd7 46. Nxb5 Ba6 47. a4 Rh4 48. Rd2 Kc6 49. Rg2 Rb8 50. Kc2 Bxb5 51. axb5+ Rxb5 52. Rg7 Kd6 53. Rf7 Ke6 54. Rf8 Rb7 55. Re8+ Kf7 56. Rd8 d4 57. cxd4 Rc7+ 58. Kd1 exd4 59. R8xd4 Rxd4 60. Rxd4 Rb7 61. b4 Ke6 62. Kc2 Ke5 63. Rh4 f5 64. Kb3 f4 65. Kc3 Ke4 66. Rh6 Ke3 67. Re6+ Kf2 68. Rf6 f3 69. Kc4 Kg2 70. h4 f2 71. b5 f1=Q+ 72. Rxf1 Kxf1 73. h5 Kg2 74. Kc5 Kg3 75. Kc6 Rb8 76. b6 Kg4 77. h6 Kg5 78. Kc7 Rxb6 79. Kxb6 Kxh6 80. Kc5 Kg5 81. Kd4 Kf4 82. Kd3 Kf3 83. Kd2 Kf2 84. Kd3 h5 85. Ke4 h4 86. Kf4 h3 87. Kg4 h2 0-1


[Site "https://www.chess.com"]

[Event "Titled Tuesday Blitz July 26 Early 2022"]
[White "Nilsson, Joakim"]
[Black "Mikhailovsky, Vladimir"]
[WhiteFideId "1723383"]
[BlackFideId "34105414"]
[WhiteElo "2214"]
[BlackElo "2303"]
[Result "0-1"]
[Round "11"]
[TimeControl "180+1"]
[Date "2022.07.26"]
[WhiteClock "0:02:16"]
[BlackClock "0:02:26"]

1. h4 a5 2. d4 d5 3. c4 dxc4 4. e3 e5 5. Bxc4 exd4 6. exd4 Nf6 7. Nf3 Bd6 8. Nc3 O-O 9. O-O h6 10. Qc2 Bg4 11. Ne5 Nc6 12. Nxc6 bxc6 13. Ne4 Nxe4 14. Qxe4 Qxh4 15. g3 Qh5 16. f3 Bxg3 17. Qc2 Bh3 18. Rd1 Rae8 0-1


[Site "https://www.chess.com"]

[Event "Titled Tuesday Blitz July 26 Early 2022"]
[White "Ohanyan, Emin"]
[Black "Dubov, Daniil"]
[WhiteFideId "13312022"]
[BlackFideId "24126055"]
[WhiteElo "1927"]
[BlackElo "2791"]
[Result "1-0"]
[Round "11"]
[TimeControl "180+1"]
[Date "2022.07.26"]
[WhiteClock "0:00:51"]
[BlackClock "0:01:31"]

1. e4 e5 2. Nc3 Nc6 3. Bc4 Nf6 4. d3 Bc5 5. f4 b5 6. Bxb5 Nd4 7. fxe5 O-O 8. exf6 Qxf6 9. Nf3 c6 10. Ba4 d5 11. Nxd4 Bxd4 12. Qd2 dxe4 13. Nxe4 Re8 14. Rf1 Qg6 15. Bb3 Be6 16. Qf4 Bxb3 17. axb3 Re5 18. Ra4 c5 19. Rxd4 Rae8 20. Qxe5 1-0


[Site "https://www.chess.com"]

[Event "Titled Tuesday Blitz July 26 Early 2022"]
[White "Omariev, Maksim"]
[Black "Janaszak, Dawid"]
[WhiteFideId "4193423"]
[BlackFideId "1119206"]
[WhiteElo "2520"]
[BlackElo "2199"]
[Result "0-1"]
[Round "11"]
[TimeControl "180+1"]
[Date "2022.07.26"]
[WhiteClock "0:00:04"]
[BlackClock "0:00:51"]

1. b3 c5 2. Bb2 d6 3. h3 e5 4. g4 h5 5. gxh5 Nc6 6. c4 Qh4 7. Nc3 Nf6 8. Bg2 Bf5 9. d3 O-O-O 10. Qd2 Qxh5 11. O-O-O Be7 12. Kb1 Qg6 13. Bxc6 bxc6 14. Nf3 Qh6 15. e3 Qh5 16. Ng1 Ne8 17. Nge2 Bh4 18. Ng3 Bxg3 19. fxg3 Bxh3 20. Ne4 Qg6 21. Qa5 Nc7 22. Qxa7 Bf5 23. Rxh8 Rxh8 24. Qb6 Bxe4 25. dxe4 Qxe4+ 26. Ka1 Qf3 27. Rc1 Rh2 28. a4 Qg2 29. Rb1 Kd7 30. a5 Qc2 31. Ka2 Rh8 32. a6 Qd2 33. a7 Qb4 34. Qxb4 cxb4 35. Ra1 Kc8 36. Kb1 Rh1+ 37. Bc1 Kb7 38. Ra2 Rg1 39. Kc2 Rxg3 40. Bd2 f5 41. Bxb4 Rg2+ 42. Bd2 f4 43. exf4 exf4 44. Kd3 f3 45. Ra1 g5 46. Be3 g4 47. Rh1 c5 48. Ke4 Kxa7 49. b4 Na6 50. b5 Nb4 51. Rh7+ Kb8 52. Rh6 Re2 53. Rxd6 f2 54. Rf6 g3 55. Kf3 f1=Q+ 56. Kxg3 Qxf6 57. Bf4+ Kb7 0-1


[Site "https://www.chess.com"]

[Event "Titled Tuesday Blitz July 26 Early 2022"]
[White "Ozkan, Taha"]
[Black "Shuvalov, Evgenij"]
[WhiteFideId "34577173"]
[BlackFideId "4187237"]
[WhiteElo "2024"]
[BlackElo "2042"]
[Result "0-1"]
[Round "11"]
[TimeControl "180+1"]
[Date "2022.07.26"]
[WhiteClock "0:00:11"]
[BlackClock "0:00:26"]

1. d4 Nf6 2. Nf3 c5 3. c3 d5 4. g3 Nc6 5. dxc5 e6 6. b4 a5 7. b5 Na7 8. a4 Bxc5 9. Bg2 Ne4 10. O-O Qb6 11. e3 O-O 12. Ba3 Rd8 13. Qc2 Bd7 14. c4 Rac8 15. Rd1 Bxa3 16. Nxa3 Nd6 17. Nd2 Be8 18. Rac1 Qc5 19. Qb3 Qb4 20. cxd5 Rxc1 21. Rxc1 Qxd2 22. Rd1 Qb4 23. Qc2 Qxa3 24. dxe6 fxe6 25. Qc7 Rc8 26. Qe7 Rc1 27. Rf1 Rxf1+ 28. Bxf1 Nac8 29. Qxe6+ Bf7 30. Qd7 g6 31. b6 Qb2 32. Bb5 Kg7 33. Qg4 Nxb6 34. h4 Nxb5 35. axb5 Qxb5 36. h5 Qb1+ 37. Kh2 Nd5 38. Qd4+ Kh6 39. g4 Qf1 40. e4 Nf4 41. Kg3 Ne2+ 42. Kh4 Nxd4 43. g5+ Kg7 44. h6+ Kg8 45. Kg4 Be6+ 46. Kf4 Qxf2+ 47. Ke5 Nf3+ 48. Kf6 Qd4+ 49. Ke7 Nxg5 50. e5 Qd7+ 51. Kf6 Qd8# 0-1


[Site "https://www.chess.com"]

[Event "Titled Tuesday Blitz July 26 Early 2022"]
[White "Pakleza, Zbigniew"]
[Black "Kupervaser, Erez"]
[WhiteFideId "1119290"]
[BlackFideId "2814587"]
[WhiteElo "2467"]
[BlackElo "1832"]
[Result "1-0"]
[Round "11"]
[TimeControl "180+1"]
[Date "2022.07.26"]
[WhiteClock "0:00:06"]
[BlackClock "0:00:09"]

1. d4 d5 2. Bf4 Nf6 3. e3 e6 4. Nd2 Bd6 5. Bg3 O-O 6. Ngf3 c5 7. c3 Qc7 8. Ne5 Nc6 9. f4 b6 10. Bd3 a5 11. Qe2 a4 12. a3 cxd4 13. exd4 Na5 14. O-O g6 15. Rae1 Nh5 16. Bb5 f6 17. Nd3 Nc4 18. Nxc4 dxc4 19. Nb4 Nxf4 20. Qxc4 Nh3+ 21. gxh3 Bxg3 22. Re2 Bd6 23. Qxc7 Bxc7 24. Bc4 Kf7 25. Rfe1 Re8 26. d5 Be5 27. Nc6 exd5 28. Bxd5+ Be6 29. Nxe5+ fxe5 30. Bxa8 Rxa8 31. Rxe5 Bf5 32. Rb5 Rd8 33. Rxb6 Rd2 34. h4 h5 35. Rc1 Be4 36. Rb4 Bd5 37. c4 Bc6 38. Rb6 Be4 39. Rf1+ Ke7 40. Re1 Rd4 41. c5 Kd7 42. Rb4 Rxb4 43. axb4 Bd5 44. Kf2 Kc6 45. Ke3 Kb5 46. Kd4 Bf3 47. Re3 Bg4 48. Re8 Kxb4 49. c6 Kb5 50. c7 1-0


[Site "https://www.chess.com"]

[Event "Titled Tuesday Blitz July 26 Early 2022"]
[White "Papasimakopoulos, Alexandros"]
[Black "Ferreira, Vitor Hugo Vieira"]
[WhiteFideId "4244125"]
[BlackFideId "2119765"]
[WhiteElo "2340"]
[BlackElo "2168"]
[Result "1-0"]
[Round "11"]
[TimeControl "180+1"]
[Date "2022.07.26"]
[WhiteClock "0:01:23"]
[BlackClock "0:01:17"]

1. d4 d5 2. c4 c6 3. cxd5 cxd5 4. Bf4 Nc6 5. e3 g6 6. Nc3 a6 7. Bd3 Bg7 8. h3 Nh6 9. Nf3 O-O 10. O-O Nf5 11. Qb3 e6 12. Rfc1 Na5 13. Qd1 b5 14. Ne2 Nc4 15. Rab1 Bb7 16. b3 Ncd6 17. a4 Qa5 18. g4 g5 19. Nxg5 h6 20. Nf3 e5 21. dxe5 d4 22. exd6 Bxf3 23. Bxf5 bxa4 24. bxa4 dxe3 25. fxe3 h5 26. Kf2 hxg4 27. hxg4 Bd5 28. Qd3 Rfe8 29. d7 Red8 30. Bh7+ Kh8 31. Rh1 Bxh1 32. Rxh1 f5 33. Bxf5+ Kg8 34. Be6+ Kf8 35. Bd6# 1-0


[Site "https://www.chess.com"]

[Event "Titled Tuesday Blitz July 26 Early 2022"]
[White "Pfreundt, Jakob"]
[Black "Tanaka, Taira Tyler"]
[WhiteFideId "12918156"]
[BlackFideId "7002351"]
[WhiteElo "2345"]
[BlackElo "2525"]
[Result "1/2-1/2"]
[Round "11"]
[TimeControl "180+1"]
[Date "2022.07.26"]
[WhiteClock "0:00:09"]
[BlackClock "0:00:09"]

1. Nf3 d5 2. g3 Bg4 3. Bg2 c6 4. h3 Bh5 5. O-O Nd7 6. d4 e6 7. c4 Ngf6 8. cxd5 exd5 9. Qb3 Qb6 10. Qe3+ Be7 11. Nh4 Bg6 12. Nc3 Qd8 13. Nxg6 hxg6 14. Qd3 O-O 15. Rb1 a5 16. b3 Re8 17. Bf4 Nf8 18. h4 Bd6 19. Bg5 Ne6 20. Bd2 Qe7 21. Bf3 Bb4 22. Kg2 Bxc3 23. Bxc3 g5 24. e3 gxh4 25. gxh4 g6 26. Rh1 Nh5 27. Bxh5 gxh5 28. Rbg1 Qf6 29. Kf1+ Kh8 30. Qd1 Qf5 31. Rg3 Rg8 32. Rhg1 Rxg3 33. Rxg3 Rg8 34. Kg2 Rxg3+ 35. Kxg3 b6 36. Qf3 Qg6+ 37. Kh2 Ng7 38. b4 a4 39. b5 cxb5 40. Qxd5 Nf5 41. Qe5+ Kh7 42. d5 Qg4 43. Qh8+ Kg6 44. Qg8+ Kh6 45. Qh8+ Kg6 46. Qg8+ Kh6 47. Qf8+ Kg6 48. Qg8+ 1/2-1/2


[Site "https://www.chess.com"]

[Event "Titled Tuesday Blitz July 26 Early 2022"]
[White "Polster, Christian"]
[Black "Ljukin, Sergei"]
[WhiteFideId "12965081"]
[BlackFideId "14102200"]
[WhiteElo "2259"]
[BlackElo "2312"]
[Result "1/2-1/2"]
[Round "11"]
[TimeControl "180+1"]
[Date "2022.07.27"]
[WhiteClock "0:00:11"]
[BlackClock "0:00:10"]

1. e4 e6 2. d4 d5 3. Nc3 Bb4 4. e5 Ne7 5. a3 Bxc3+ 6. bxc3 c5 7. Qg4 Qc7 8. Qxg7 Rg8 9. Qxh7 cxd4 10. Ne2 Nbc6 11. f4 Bd7 12. Qd3 dxc3 13. Nxc3 Qa5 14. Bd2 Nb4 15. axb4 Qxa1+ 16. Kf2 a6 17. h4 Rc8 18. h5 Qb2 19. h6 Qxb4 20. Nxd5 Qc5+ 21. Ne3 Nf5 22. h7 Rh8 23. g4 Bb5 24. Qb3 Nxe3 25. Bxb5+ axb5 26. Bxe3 Qxc2+ 27. Qxc2 Rxc2+ 28. Kf3 b4 29. f5 exf5 30. Bg5 fxg4+ 31. Kxg4 b3 32. Bf6 Rxh7 33. Rxh7 b2 34. e6 fxe6 35. Rxb7 Rf2 36. Bxb2 Rf5 37. Ba3 Kd8 38. Re7 Ra5 39. Bd6 Rd5 40. Rxe6 Kd7 41. Rg6 Rxd6 42. Rxd6+ Kxd6 1/2-1/2


[Site "https://www.chess.com"]

[Event "Titled Tuesday Blitz July 26 Early 2022"]
[White "Pranav, V"]
[Black "Jaskolka, Tomasz"]
[WhiteFideId "25060783"]
[BlackFideId "1170791"]
[WhiteElo "2380"]
[BlackElo "2073"]
[Result "1-0"]
[Round "11"]
[TimeControl "180+1"]
[Date "2022.07.26"]
[WhiteClock "0:01:41"]
[BlackClock "0:00:20"]

1. d4 d5 2. Bg5 c6 3. Nf3 Qb6 4. b3 Bf5 5. e3 e6 6. Be2 Nd7 7. O-O h6 8. Bh4 Ngf6 9. c4 Be7 10. Nc3 O-O 11. Rc1 Rac8 12. Bg3 Ne4 13. Nxe4 Bxe4 14. Bd3 Bxd3 15. Qxd3 dxc4 16. bxc4 Qa5 17. Rb1 b6 18. Nd2 Qh5 19. a4 Rfd8 20. Qc3 a5 21. Nf3 Bb4 22. Qc2 f6 23. Qe4 Kf7 24. Rfd1 Qg6 25. Qxg6+ Kxg6 26. Kf1 Kf7 27. Ke2 c5 28. d5 e5 29. Nd2 f5 30. f3 g5 31. h4 f4 32. Bf2 Bxd2 33. Kxd2 Rb8 34. hxg5 hxg5 35. Rh1 Nf6 36. Rh6 Kg7 37. Rhh1 Ne8 38. Kd3 Nd6 39. exf4 gxf4 40. Rh5 Re8 41. Rbh1 e4+ 42. fxe4 Nxe4 43. Be1 Nf6 44. Rg5+ Kf7 45. Bd2 Re4 46. Rf5 Rd4+ 47. Kc2 Rxc4+ 48. Kb3 Rd4 49. Bxf4 Rg8 50. Be5 Rb4+ 51. Kc3 Rg6 52. Rhf1 Rxa4 53. Rxf6+ Rxf6 54. Rxf6+ Ke7 55. Rxb6 Rg4 56. Rb7+ Kd8 57. d6 Rxg2 58. Bf6+ Kc8 59. d7+ Kxb7 60. d8=Q Rg3+ 61. Kc4 Rg4+ 62. Kb5 Rb4+ 63. Kxa5 c4 64. Qd7+ Ka8 65. Qc8+ Ka7 66. Bd4+ Rb6 67. Bxb6# 1-0


[Site "https://www.chess.com"]

[Event "Titled Tuesday Blitz July 26 Early 2022"]
[White "Rios Escobar, Adan"]
[Black "Bressac, Stephane"]
[WhiteFideId "3403645"]
[BlackFideId "655945"]
[WhiteElo "2420"]
[BlackElo "2321"]
[Result "1-0"]
[Round "11"]
[TimeControl "180+1"]
[Date "2022.07.27"]
[WhiteClock "0:00:05"]
[BlackClock "0:00:03"]

1. d4 d6 2. g3 Nf6 3. Bg2 g6 4. e4 Bg7 5. Ne2 O-O 6. O-O Nbd7 7. Nbc3 e5 8. h3 c6 9. a4 Qc7 10. Be3 Re8 11. g4 b6 12. Ng3 exd4 13. Bxd4 Ba6 14. Re1 Nc5 15. g5 Nfd7 16. Bxg7 Kxg7 17. Qd4+ Kg8 18. Rad1 Ne5 19. Qxd6 Qxd6 20. Rxd6 Nc4 21. Rxc6 Nxb2 22. e5 Bb7 23. Nd5 Kg7 24. Rc7 Rec8 25. Re7 Ne6 26. Rxb7 Rxc2 27. Nf6 Rd8 28. Nge4 Nc4 29. Nd6 Nxd6 30. exd6 Nxg5 31. Ne8+ Kh6 32. d7 Rd2 33. Nf6 Kg7 34. Ne8+ Kh6 35. Rxa7 R2xd7 36. Rxd7 Rxd7 37. Nf6 Rd4 38. Rb1 Rxa4 39. Rxb6 Ra1+ 40. Kh2 Kg7 41. Ng4 h5 42. Ne3 Ra2 43. Kg3 Ne6 44. Bd5 Ra1 45. Bxe6 fxe6 46. Rxe6 Rg1+ 47. Kf3 Kf7 48. Ra6 Rh1 49. Kg2 Rb1 50. h4 Rb4 51. Ra7+ Ke6 52. Ra6+ Kf7 53. Kg3 Rb1 54. Ra7+ Kf6 55. Ra5 Rg1+ 56. Kf3 Rh1 57. Ra4 Rb1 58. Rf4+ Kg7 59. Nd5 Rb3+ 60. Kg2 Rb5 61. Ne7 Re5 62. Nc6 Rc5 63. Ne7 Re5 64. Nc8 Rc5 65. Nd6 Rd5 66. Ne4 Rd4 67. Kf3 Rd3+ 68. Ke2 Rd4 69. Ke3 Ra4 70. Ng5 Ra3+ 71. Ke2 Ra2+ 72. Kf3 Ra3+ 73. Kg2 Ra2 74. Kg3 Ra3+ 75. f3 Ra1 76. Rf7+ Kg8 77. Rb7 Ra4 78. Rc7 Rb4 79. Ne6 Rb1 80. Rg7+ Kh8 81. Re7 Kg8 82. Kf4 Rg1 83. Ke5 Kh8 84. Kf6 g5 85. hxg5 h4 86. Kg6 Rxg5+ 87. Nxg5 h3 88. Re8# 1-0


[Site "https://www.chess.com"]

[Event "Titled Tuesday Blitz July 26 Early 2022"]
[White "Rustemov, Alexander"]
[Black "Erenberg, Ariel"]
[WhiteFideId "4119002"]
[BlackFideId "2811634"]
[WhiteElo "2812"]
[BlackElo "2243"]
[Result "0-1"]
[Round "11"]
[TimeControl "180+1"]
[Date "2022.07.26"]
[WhiteClock "0:00:38"]
[BlackClock "0:00:13"]

1. d4 Nf6 2. c4 e6 3. Nf3 b6 4. a3 Bb7 5. Nc3 d5 6. Bg5 Be7 7. Bxf6 Bxf6 8. cxd5 exd5 9. Qa4+ Qd7 10. e3 O-O 11. Rc1 c5 12. Qxd7 Nxd7 13. Kd2 c4 14. b3 cxb3 15. Rb1 Be7 16. Rxb3 Nf6 17. Bd3 Rac8 18. Rc1 Ne4+ 19. Bxe4 dxe4 20. Ng1 Rc4 21. Nge2 Rfc8 22. g4 g6 23. Ng3 Kg7 24. Rcb1 Kh6 25. R1b2 Kg5 26. h3 Kh4 27. Ngxe4 Kxh3 28. g5 Kg4 29. f4 Kf3 30. Kd3 Ba6 31. Nd2+ Kg4 32. Nxc4 Bxc4+ 33. Ke4 Re8 34. Ke5 f6+ 35. gxf6 Bc5# 0-1


[Site "https://www.chess.com"]

[Event "Titled Tuesday Blitz July 26 Early 2022"]
[White "Sadubayev, Airat"]
[Black "Kubicka, Anna"]
[WhiteFideId "13713264"]
[BlackFideId "1152254"]
[WhiteElo "2163"]
[BlackElo "2025"]
[Result "1-0"]
[Round "11"]
[TimeControl "180+1"]
[Date "2022.07.26"]
[WhiteClock "0:00:02"]
[BlackClock "0:00:01"]

1. d4 Nf6 2. c4 c5 3. d5 e6 4. Nc3 exd5 5. cxd5 d6 6. Nf3 g6 7. Bf4 a6 8. a4 Bg7 9. e3 O-O 10. h3 Qe7 11. Be2 Nbd7 12. O-O Ne8 13. Nd2 f5 14. Nc4 Ne5 15. Bxe5 Bxe5 16. Qd2 Bg7 17. Rab1 Rb8 18. b4 cxb4 19. Rxb4 Bd7 20. Rfb1 Nc7 21. Nb6 a5 22. R4b3 Na6 23. Bxa6 bxa6 24. Nxd7 Rxb3 25. Rxb3 Qxd7 26. Rb6 Rc8 27. Ne2 Qxa4 28. Rxa6 Rc2 29. Qd3 Rc5 30. Ra8+ Kf7 31. Ra7+ Kg8 32. Nf4 Be5 33. Ra8+ Kf7 34. Qa6 Rc1+ 35. Kh2 Bxf4+ 36. g3 Rc7 37. gxf4 Qc2 38. Qf1 Qd2 39. Kg3 Qxd5 40. Qa6 h5 41. Qxa5 Qxa5 42. Rxa5 Ke6 43. Kf3 Rc1 44. Ra8 Rh1 45. Kg2 Rd1 46. Rg8 Kf6 47. Ra8 Rd2 48. Ra6 Ke6 49. Kg3 Rd1 50. Ra3 Rd2 51. f3 Re2 52. Kh4 Kf6 53. Rd3 Ke6 54. Kg5 Rg2+ 55. Kh6 Rg3 56. h4 d5 57. Kg7 Rh3 58. Kxg6 Rxh4 59. Ra3 Rh3 60. Ra6+ Kd7 61. Kxf5 Rxf3 62. Re6 h4 63. Re5 Kd6 64. Kg4 Rf1 65. Kxh4 d4 66. Kg4 d3 67. Re8 1-0


[Site "https://www.chess.com"]

[Event "Titled Tuesday Blitz July 26 Early 2022"]
[White "Sanchez, Robert"]
[Black "Lakshmi C"]
[WhiteFideId "2034360"]
[BlackFideId "25035347"]
[WhiteElo "2280"]
[BlackElo "1775"]
[Result "0-1"]
[Round "11"]
[TimeControl "180+1"]
[Date "2022.07.27"]
[WhiteClock "0:00:08"]
[BlackClock "0:00:02"]

1. e4 e5 2. Nf3 Nc6 3. Bb5 a6 4. Ba4 d6 5. c3 Bd7 6. d4 b5 7. Bb3 Be7 8. O-O Nf6 9. Re1 O-O 10. h3 Re8 11. a4 h6 12. Na3 exd4 13. cxd4 Na5 14. Bc2 b4 15. Nb1 c5 16. e5 dxe5 17. dxe5 Nh7 18. Qe2 Be6 19. Nbd2 c4 20. Ne4 b3 21. Bb1 Nc6 22. Rd1 Qc7 23. Nd6 Bxd6 24. exd6 Qd7 25. Qe4 Nf6 26. Qh4 Nd5 27. Be4 Ncb4 28. Bxh6 gxh6 29. Qxh6 f5 30. Bxd5 Nxd5 31. Ng5 Nf4 32. Re1 Qg7 33. Qh4 Ng6 34. Qh5 Bd7 35. Qf3 Ne5 36. Qd5+ Kh8 37. Rxe5 Qxg5 38. Rae1 Rg8 39. Re7 Rad8 40. g3 f4 41. Qd4+ Rg7 42. h4 Qg4 43. R1e4 Rf8 44. Rxd7 Qxd7 45. Re7 Qg4 46. d7 fxg3 47. Qxg4 Rxg4 48. Re8 gxf2+ 49. Kf1 Rg1+ 50. Ke2 f1=Q+ 0-1


[Site "https://www.chess.com"]

[Event "Titled Tuesday Blitz July 26 Early 2022"]
[White "Sarana, Alexey"]
[Black "Martinez Alcantara, Jose Eduardo"]
[WhiteFideId "24133795"]
[BlackFideId "3805662"]
[WhiteElo "2666"]
[BlackElo "2703"]
[Result "1-0"]
[Round "11"]
[TimeControl "180+1"]
[Date "2022.07.26"]
[WhiteClock "0:00:12"]
[BlackClock "0:00:07"]

1. d4 Nf6 2. c4 e6 3. Nc3 Bb4 4. Qc2 d5 5. a3 Bxc3+ 6. Qxc3 Ne4 7. Qc2 c5 8. dxc5 Nc6 9. Nf3 Qa5+ 10. Bd2 Qxc5 11. e3 Nxd2 12. Nxd2 O-O 13. Be2 dxc4 14. Qxc4 Qxc4 15. Nxc4 Bd7 16. Rd1 Rfd8 17. Bf3 Rab8 18. b4 Ne7 19. Na5 Bc6 20. Rxd8+ Rxd8 21. Bxc6 Nxc6 22. Nxc6 bxc6 23. Ke2 Kf8 24. Rc1 Rc8 25. Kd3 Ke7 26. Rc5 Kd6 27. Ra5 Rc7 28. f4 f6 29. Kc4 e5 30. fxe5+ fxe5 31. Kd3 Rf7 32. g4 g6 33. h4 Re7 34. Ke4 h6 35. Ra6 Rb7 36. Ra4 Rf7 37. Ra6 Rb7 38. g5 h5 39. Ra5 Re7 40. Rc5 Re8 41. Rc1 a5 42. Rf1 axb4 43. axb4 Re6 44. Rf7 Re8 45. Rg7 Re6 46. Kd3 c5 47. b5 e4+ 48. Kc4 Ke5 49. Kxc5 Kf5 50. Rf7+ Kg4 51. Rf4+ Kg3 52. b6 Re5+ 53. Kc6 Re6+ 54. Kb5 Re5+ 55. Ka6 Re6 56. Ka7 Rd6 57. b7 1-0


[Site "https://www.chess.com"]

[Event "Titled Tuesday Blitz July 26 Early 2022"]
[White "Sarkar, Justin"]
[Black "parintele_chess"]
[WhiteFideId "2010011"]
[WhiteElo "2006"]
[BlackElo "2226"]
[Result "0-1"]
[Round "11"]
[TimeControl "180+1"]
[Date "2022.07.27"]
[WhiteClock "0:00:01"]
[BlackClock "0:00:18"]

1. e4 e5 2. Nf3 Nc6 3. Bb5 a6 4. Ba4 Nf6 5. O-O Be7 6. Re1 b5 7. Bb3 O-O 8. Nc3 d6 9. Nd5 Na5 10. Nxe7+ Qxe7 11. d4 Nxb3 12. axb3 Bg4 13. dxe5 dxe5 14. Qd3 Rfd8 15. Qe3 Bxf3 16. Qxf3 Qc5 17. Bg5 Rd6 18. Qc3 Qxc3 19. bxc3 Rad8 20. Kf1 h6 21. Bxf6 Rxf6 22. Red1 Rxd1+ 23. Rxd1 Rc6 24. Rd3 a5 25. Ke2 a4 26. Rd8+ Kh7 27. Ra8 axb3 28. cxb3 Rxc3 29. Ra7 Rxb3 30. Rxc7 Kg6 31. f3 f6 32. g4 Rb2+ 33. Ke3 Rxh2 34. Rb7 Rb2 35. Rb6 Kg5 36. Rb7 g6 37. Rb6 h5 38. gxh5 gxh5 39. Rb8 b4 40. Rg8+ Kh6 41. Rf8 Kg7 42. Rb8 h4 0-1


[Site "https://www.chess.com"]

[Event "Titled Tuesday Blitz July 26 Early 2022"]
[White "Shapiro, Daniel"]
[Black "Rosenberg, Evan S"]
[WhiteFideId "2001780"]
[BlackFideId "2019299"]
[WhiteElo "2221"]
[BlackElo "2291"]
[Result "1-0"]
[Round "11"]
[TimeControl "180+1"]
[Date "2022.07.27"]
[WhiteClock "0:00:49"]
[BlackClock "0:00:06"]

1. d4 Nf6 2. c4 e6 3. g3 b6 4. Bg2 d5 5. Nc3 Bb7 6. cxd5 exd5 7. Qb3 Be7 8. Nf3 O-O 9. O-O h6 10. Ne5 c6 11. Bf4 Nbd7 12. Rad1 Re8 13. e4 Nxe5 14. dxe5 Nh5 15. exd5 Nxf4 16. dxc6 Qxd1 17. Rxd1 Nxg2 18. cxb7 Rab8 19. Kxg2 Rxb7 20. Qb5 Rf8 21. Rd7 Rxd7 22. Qxd7 Bc5 23. Ne4 a5 24. Nxc5 bxc5 25. Qc7 Re8 26. Qxc5 a4 27. f4 Re6 28. Qb5 Kh7 29. Qxa4 Kg6 30. Qe4+ f5 31. exf6+ Rxe4 32. fxg7 Kxg7 33. Kf3 Re7 34. b3 Rc7 35. Ke3 Rc2 36. a3 Rxh2 37. Kd3 Ra2 38. a4 Kg6 39. Kc4 h5 40. Kb5 Kf5 41. a5 Kg4 42. a6 Kxg3 43. f5 h4 44. f6 Rf2 45. a7 Rf5+ 46. Kc4 Rf4+ 47. Kd3 Rf3+ 48. Ke2 Rf2+ 49. Ke1 Ra2 50. f7 Ra1+ 51. Kd2 Ra2+ 52. Kc3 Rxa7 53. f8=Q Ra2 54. Qg7+ Kh3 55. b4 Rg2 56. Qd7+ Kg3 57. b5 h3 58. b6 Rg1 59. Kc2 h2 60. Qd6+ Kg2 61. b7 h1=Q 62. Qd5+ Kf1 63. Qxh1 Rxh1 64. b8=Q Rg1 65. Qf4+ Kg2 66. Kd2 Rf1 67. Qg4+ Kh1 68. Ke2 Ra1 69. Qh5+ Kg2 70. Qg6+ Kh1 71. Qh7+ Kg1 72. Qg7+ Kh2 73. Qxa1 1-0


[Site "https://www.chess.com"]